 Dungeon Crawl Stone Soup version 0.27.1 (webtiles) character file.

Game seed: 11497390913510572269

38 acemry the Ducker (level 3, -3/25 HPs)
             Began as a Djinni Fire Elementalist on Sept 4, 2021.
             Slain by Terence (4 damage)
             ... on level 2 of the Dungeon.
             The game lasted 00:05:46 (1943 turns).

acemry the Ducker (Djinni Fire Elementalist)        Turns: 1943, Time: 00:05:47

Health: -3/25      AC: 10    Str:  7    XL:     3   Next: 65%
Gold:   42         EV: 13    Int: 17    God:
                   SH:  0    Dex: 13

rFire    + + .     SeeInvis .   c - +2 dagger (protect)
rCold    x . .     Faith    .   (no shield)
rNeg     . . .     Spirit   .   a - +0 robe
rPois    ∞         Reflect  .   (no helmet)
rElec    .         Harm     .   k - +0 cloak
rCorr    .         Rampage  .   (no gloves)
Will     .....                  (boots unavailable)
Stlth    ++........             (no amulet)
HPRegen  0.08/turn              (no ring)
MPRegen  0.00/turn              (no ring)

@: under a protective aura, flying
A: sickness immunity, fire resistance 2, cold vulnerability 1, float, innate
caster, hp casting, extra vitality 1
a: no special abilities


You were on level 2 of the Dungeon.
You visited 1 branch of the dungeon, and saw 2 of its levels.

You collected 42 gold pieces.

Inventory:

Hand Weapons
 c - a +2 dagger of protection (weapon)
Missiles
 j - 12 poisoned darts
Armour
 a - a +0 robe (worn)
 g - a +2 scale mail of cold resistance
 k - a +0 cloak (worn)
Scrolls
 b - 5 scrolls of identify {unknown}
 d - a scroll of magic mapping {unknown}
 f - a scroll of teleportation {unknown}
Potions
 e - a potion of resistance {unknown}
 h - a potion of haste
 i - 2 potions of flight {unknown}


   Skills:
 + Level 4.1 Dodging
 - Level 1.5 Stealth
 - Level 2.4 Spellcasting


You couldn't memorise any spells.
You knew the following spells:

 Your Spells              Type           Power      Damage    Failure   Level
a - Foxfire               Conj/Fire      40%        2x1d6     7%          1
b - Conjure Flame         Conj/Fire      10%        6-21      21%         3
c - Inner Flame           Hex/Fire       10%        N/A       21%         3
d - Sticky Flame          Conj/Fire      10%        2d3       56%         4
e - Fireball              Conj/Fire      5%         3d5       88%         5
f - Pain                  Necr           40%        1d6       7%          1
Your spell library was empty.

Dungeon Overview and Level Annotations

Branches:
Dungeon (2/15)

Altars:

Annotations:
D:2 Terence


Innate Abilities, Weirdness & Mutations

You are immune to sickness and miasma.
You are immune to poison.
Your flesh is very heat resistant. (rF++)
You are vulnerable to cold. (rC-)
You float through the air rather than walking.
You learn spells naturally, not from books.
Your magical power is your life essence.
You have superior vitality. (+4 HP)


Message History

* * * LOW HITPOINT WARNING * * *
Your magical contamination has completely faded away.
You hit Terence but do no damage.
Terence is lightly wounded.
Terence barely misses you.
You closely miss Terence.
Terence is lightly wounded.
Terence closely misses you.
You hit Terence but do no damage.
Terence is lightly wounded.
Terence hits you with a +0 short sword.
* * * LOW HITPOINT WARNING * * *
You hit Terence but do no damage.
Terence is lightly wounded.
Terence closely misses you.
You hit Terence but do no damage.
Terence is lightly wounded.
Terence closely misses you.
You hit Terence but do no damage.
Terence is lightly wounded.
Terence closely misses you.
You hit Terence but do no damage.
Terence is lightly wounded.
Terence hits you but does no damage.
You barely miss Terence.
Terence is lightly wounded.
Terence hits you but does no damage.
You hit Terence but do no damage.
Terence is lightly wounded.
Terence barely misses you.
You barely miss Terence.
Terence is lightly wounded.
Terence barely misses you.
You hit Terence.
Terence is lightly wounded.
Terence misses you.
You barely miss Terence.
Terence is lightly wounded.
Terence hits you with a +0 short sword.
You die...

###### #.....
#.....
#.....####
#......[.## #
#.....##@@###
#
#...........#
##
...####+####.#
.#### .. #.#
....# . #.#
....# # #.#
....# ..# #.#
)(..#....#
#.#######
.........#
#......>#


You could see Terence.

Vanquished Creatures
  2 worms (D:2)
  A dart slug (D:1)
  4 endoplasms (D:1)
  A giant cockroach (D:2)
  5 hobgoblins
  A quokka (D:1)
  2 ball pythons (D:1)
  2 bats
  A frilled lizard (D:1)
  4 goblins
  2 kobolds (D:1)
  2 rats
27 creatures vanquished.

Vanquished Creatures (others)
  112 foxfires
112 creatures vanquished.

Grand Total: 139 creatures vanquished

Notes
Turn   | Place    | Note
-------+----------+-------------------------------------------
     0 | D:1      | acemry the Djinni Fire Elementalist began the quest for the
                  | Orb.
     0 | D:1      | Reached XP level 1. HP: 15/15 MP: 0/0
   227 | D:1      | Reached XP level 2. HP: 15/21 MP: 0/0
   228 | D:1      | Reached skill level 3 in Dodging
   931 | D:1      | Reached XP level 3. HP: 10/25 MP: 0/0
   931 | D:1      | Learned a level 1 spell: Pain
  1678 | D:2      | Reached skill level 4 in Dodging
  1916 | D:2      | Noticed Terence
  1934 | D:2      | HP: 1/25 [Terence (4)]
  1943 | D:2      | Slain by Terence

Illustrated notes

Levels and vault maps discovered:
D:1:      saegor_arrival_simple_a, layout_loops_ring, skrybe_limestone_x,
          minivault_25
D:2:      layout_basic, hellmonk_ecumenical_altar_inner_sanctum,
          serial_park_tiny_2, uniq_terence

Skill      XL: |  1  2  3 |
---------------+----------+-----
Dodging        | 3 4 |  4.1
Stealth        | |  1.5
Spellcasting   | |  2.4

Action                   || total
-------------------------++-------
Melee: Dagger            ||    15
 Cast: Foxfire           ||    72
Armor: Robe              ||     5
Dodge: Dodged            ||    23
